 Dungeon Crawl Stone Soup version 0.31-a0-995-g04711c9 (webtiles) character file.

Game seed: 9414537276888124837

963 Gunk the Caller (level 8, -7/58 HPs)
             Began as a Merfolk Summoner on Oct 30, 2023.
             Mangled by Prince Ribbit (14 damage)
             ... on level 7 of the Dungeon on Nov 6, 2023.
             The game lasted 00:14:21 (6379 turns).

Gunk the Caller (Merfolk Summoner)                  Turns: 6379, Time: 00:14:21

Health: -7/58      AC:  4    Str:  8    XL:     8   Next: 15%
Magic:  10/15      EV: 12    Int: 16    God:
Gold:   347        SH:  5    Dex: 15    Spells: 4/17 levels left

rFire   . . .        f - +1 whip (elec)
rCold   . . .        (no shield)
rNeg    . . .        a - +0 robe of the Fiddle {rElec}
rPois   .            t - +0 helmet
rElec   +            p - +0 cloak
rCorr   .            (no gloves)
SInv    .            (no boots)
Will    .....        e - amulet of reflection
Stlth   ++           (no ring)
HPRegen 0.29/turn    (no ring)
MPRegen 0.14/turn

%: reflection
@: no status effects
A: (nimble swimmer 2), mertail
a: no special abilities


You were on level 7 of the Dungeon.
You visited 1 branch of the dungeon, and saw 7 of its levels.

You collected 347 gold pieces.

Inventory:

Hand Weapons
 d - a +1 short sword
 f - a +1 whip of electrocution (weapon)
 q - a +2 war axe of electrocution
Missiles
 c - 55 stones (quivered)
 j - 9 javelins
Armour
 a - the +0 robe of the Fiddle (worn) {rElec}
   (You found it on level 5 of the Dungeon)

   rElec:     It insulates you from electricity.
 k - a scarf of invisibility
 p - a +0 cloak (worn)
 t - a +0 helmet (worn)
 w - a +0 troll leather armour
 A - a +0 pair of gloves
Jewellery
 e - an amulet of reflection (around neck)
Scrolls
 l - a scroll of fear {unknown}
 m - a scroll of teleportation {unknown}
 o - a scroll of enchant armour {unknown}
 s - a scroll of vulnerability {unknown}
 x - a scroll of silence {unknown}
 y - a scroll of torment {unknown}
Potions
 b - a potion of magic
 g - a potion of mutation {unknown}
 h - a potion of haste
 i - a potion of might {unknown}
 n - a potion of cancellation {unknown}
 r - 2 potions of berserk rage
 u - 2 potions of curing {unknown}
 v - a potion of enlightenment {unknown}
 z - a potion of degeneration {unknown}


   Skills:
 - Level 3.0 Fighting
 - Level 2.6 Dodging
 - Level 2.1 Stealth
 - Level 5.0 Spellcasting
 - Level 3.0 Hexes
 - Level 6.2 Summonings
 + Level 2.9 Air Magic


You had 4 spell levels left.
You knew the following spells:

 Your Spells              Type           Power      Damage    Failure   Level
a - Summon Small Mammal   Summ           96%        N/A       1%          1
b - Call Imp              Summ           48%        N/A       1%          2
c - Call Canine Familiar  Summ           24%        N/A       3%          3
d - Summon Guardian Gole  Hex/Summ       18%        N/A       7%          3
e - Summon Lightning Spi  Summ/Air       18%        N/A       22%         4

Your spell library contained the following spells:

 Spells                   Type           Power      Damage    Failure   Level


Dungeon Overview and Level Annotations

Branches:
Dungeon (7/15)
 Temple: D:4-7

Altars:
Zin

Annotations:
D:1 exclusion: 2 downstairs
D:2 Sigmund
D:5 exclusion: downstairs
D:7 Prince Ribbit


Innate Abilities, Weirdness & Mutations

((You are very nimble when in or above water. (Stealth+, EV+, Speed+++)))
Your lower body shifts to a powerful aquatic tail in water.


Message History

You take 6 damage, and have 48/58 hp.
You closely miss Prince Ribbit. Prince Ribbit hits you.
Prince Ribbit misses you.
You take 4 damage, and have 44/58 hp.
Casting: Summon Guardian Golem (dangerous; 7% risk of failure)
Confirm with . or Enter, or press ? or * to list all spells.
You block Prince Ribbit's attack. Prince Ribbit hits you!!
You take 18 damage, and have 26/58 hp.
MASSIVE DAMAGE!!
You now have 11/15 mp.
Your hound completely misses Prince Ribbit.
You block Prince Ribbit's attack.
Your hound misses Prince Ribbit.
Okay, then.
Prince Ribbit attacks as he pursues you!
Prince Ribbit misses you.
Your hound closely misses Prince Ribbit.
Prince Ribbit blinks!
Your hound closely misses Prince Ribbit.
Your hound misses Prince Ribbit.
Casting: Call Canine Familiar (dangerous; 3% risk of failure)
Confirm with . or Enter, or press ? or * to list all spells.
A tiny devil pulls itself out of the air.
Prince Ribbit hits you!
* * * LOW HITPOINT WARNING * * *
Your hound bites Prince Ribbit.
Prince Ribbit hits you.
* * * LOW HITPOINT WARNING * * *
Your hound misses Prince Ribbit.
Your cerulean imp closely misses Prince Ribbit.
You take 13 damage, and have 15/58 hp.
MASSIVE DAMAGE!!
You now have 10/15 mp.
Prince Ribbit attacks as he pursues you!
Prince Ribbit hits you.
* * * LOW HITPOINT WARNING * * *
Prince Ribbit hits you.
* * * LOW HITPOINT WARNING * * *
Your cerulean imp hits Prince Ribbit from afar with a -2 spear.
Your hound completely misses Prince Ribbit.
You take 8 damage, and have 7/58 hp.
Prince Ribbit attacks as he pursues you!
Prince Ribbit hits you!
You die...

### #.. #.# #.#
#+#### #.# .......
########.####...##.#
.......@F.h.........
########..9<....#
######5.....#
#....+...#### .#
#.#...### #.#
#.......#####.###
#######.##.......
#.##.......
#..........


You could see Prince Ribbit (ally target), a friendly guardian golem (summoned),
a friendly hound (summoned, sheltered) and a friendly cerulean imp (summoned,
sheltered).

Vanquished Creatures
  A jelly (D:5)
  An orc priest (D:4)
  3 hounds
  2 adders
  A shadow imp (D:5)
  An ufetubus (D:6)
  An orc (D:4)
  An endoplasm (D:4)
  2 goblins (D:2)
  A hobgoblin (D:2)
  A jackal (D:2)
  A kobold (D:1)
  A quokka (D:2)
  3 ball pythons
  3 bats (D:3)
  A frilled lizard (D:2)
  2 rats
26 creatures vanquished.

Vanquished Creatures (collateral kills)
  A phantom (D:5)
  2 scorpions
  A jelly (D:5)
  3 hounds (D:5)
  An orc priest (D:4)
  2 iguanas (D:5)
  3 orc wizards
  8 gnolls
  An adder (D:5)
  An ufetubus (D:6)
  2 worms
  13 orcs
  5 endoplasms
  2 goblins (D:4)
  3 hobgoblins
  6 jackals
  5 ball pythons
  A bat (D:3)
  A frilled lizard (D:2)
  6 kobolds
  A rat (D:3)
68 creatures vanquished.

Vanquished Creatures (others)
  An ice beast (D:7)
  An iguana (D:6)
  2 orc wizards (D:6)
  A shadow imp (D:6)
  An orc (D:6)
6 creatures vanquished.

Grand Total: 100 creatures vanquished

Notes
Turn   | Place    | Note
-------+----------+-------------------------------------------
     0 | D:1      | Gunk the Merfolk Summoner began the quest for the Orb.
     0 | D:1      | Reached XP level 1. HP: 13/13 MP: 3/3
   487 | D:1      | Reached XP level 2. HP: 19/19 MP: 1/5
   490 | D:1      | Learned a level 2 spell: Call Imp
  1114 | D:2      | Noticed Sigmund
  1210 | D:2      | Reached XP level 3. HP: 24/24 MP: 6/6
  1214 | D:2      | Learned a level 3 spell: Call Canine Familiar
  2095 | D:3      | Reached XP level 4. HP: 30/30 MP: 5/8
  2198 | D:3      | Upgraded the game from 0.31-a0-978-g1e14348 to
                  | 0.31-a0-995-g04711c9
  2281 | D:3      | Reached skill level 5 in Summonings
  2428 | D:3      | Reached XP level 5. HP: 33/35 MP: 3/10
  2803 | D:3      | Found a faded altar of an unknown god.
  3276 | D:4      | Reached XP level 6. HP: 41/41 MP: 4/12
  3484 | D:4      | Learned a level 3 spell: Summon Guardian Golem
  3703 | D:4      | Reached skill level 6 in Summonings
  4102 | D:5      | Entered Level 5 of the Dungeon
  4377 | D:5      | Reached skill level 5 in Spellcasting
  4377 | D:5      | Reached skill level 1 in Hexes
  4377 | D:5      | Reached XP level 7. HP: 46/46 MP: 9/14
  4724 | D:5      | Learned a level 4 spell: Summon Lightning Spire
  4948 | D:5      | Reached skill level 1 in Fighting
  4952 | D:5      | Identified the +0 robe of the Fiddle {rElec}
  5802 | D:6      | Reached skill level 1 in Air Magic
  5935 | D:6      | Noticed a steam dragon
  5942 | D:6      | Reached XP level 8. HP: 54/58 MP: 10/15
  6274 | D:7      | Found a glowing silver altar of Zin.
  6355 | D:7      | Noticed Prince Ribbit
  6379 | D:7      | Mangled by Prince Ribbit

Illustrated notes

Levels and vault maps discovered:
D:1:      mrwooster_arrival_statue, layout_rooms
D:2:      layout_loops_ring, kennysheep_generic_room_3, uniq_sigmund
D:3:      layout_rooms, ebering_ecumenical_altar_hall
D:4:      layout_loops_ring, serial_bayou_pond_d, minivault_23
D:5:      layout_gridville
D:6:      kennysheep_steamy, layout_basic, minmay_circle_x
D:7:      layout_basic, zin_statuary, chequers_temple_overflow_minitemple,
          minmay_temple_entry_glassed_door, kennysheep_decorative_pillar,
          uniq_prince_ribbit1

Skill      XL: |  1  2  3  4  5  6  7  8 |
---------------+-------------------------+-----
Spellcasting   | 3 4 5 |  5.0
Summonings     | 5 6 |  6.2
Hexes          | 1 3 |  3.0
Fighting       | 3 |  3.0
Air Magic      | 1 2 |  2.9
Dodging        | |  2.6
Stealth        | |  2.1

Action                     |  1- 3 |  4- 6 |  7- 9 || total
---------------------------+-------+-------+-------++-------
  Melee: Short sword       |    14 |       |       ||    14
         Unarmed           |     3 |       |       ||     3
         Whip              |    30 |    35 |    23 ||    88
         Punch             |       |     1 |       ||     1
  Throw: Stone             |       |       |     1 ||     1
   Cast: Summon Small Mamm |    24 |     4 |     1 ||    29
         Call Imp          |    19 |    19 |    20 ||    58
         Call Canine Famil |     2 |    25 |    26 ||    53
         Summon Guardian G |       |     1 |    10 ||    11
    Use: Scroll            |     2 |     2 |       ||     4
 Armour: Robe              |    27 |    20 |    29 ||    76
         Troll leather arm |       |     4 |     5 ||     9
  Dodge: Dodged            |    40 |    21 |    36 ||    97
  Block: Other             |    22 |    12 |    14 ||    48
         Reflection        |     1 |       |       ||     1

Table legend: (Time is in decaauts)
 A = Elapsed time spent in this place.
 B = Non-inter-level travel time spent in this place.
 C = Inter-level travel time spent in this place.
 D = Time resting spent in this place.
 E = Time spent auto-exploring this place.
 F = Levels seen in this place.
 G = Mean time per level.
                   A        B        C        D        E       F      G
               +--------+--------+--------+--------+--------+-----+--------+
         Total |   6384 |   6224 |    160 |   1628 |   3329 |   7 |  912.0 |
       Dungeon |   6384 |   6224 |    160 |   1628 |   3329 |   7 |  912.0 |
               +--------+--------+--------+--------+--------+-----+--------+

Top non-repeatable levels by time:
     D:5: 1470 daAuts
     D:4: 1166 daAuts
     D:1: 1015 daAuts
     D:3: 992 daAuts
     D:2: 981 daAuts
     D:7: 414 daAuts
     D:6: 343 daAuts
